 Dungeon Crawl Stone Soup version 0.31.0-11-ge490571c62 (webtiles) character file.

Game seed: 15739354681671673287

75 olmar the Ruffian (level 3, 0/28 HPs)
             Began as a Demigod Shapeshifter on Feb 6, 2024.
             Succumbed to an adder's poison
             ... on level 3 of the Dungeon.
             The game lasted 00:02:56 (1736 turns).

olmar the Ruffian (Demigod Shapeshifter)            Turns: 1736, Time: 00:02:57

Health: 0/28       AC:  2    Str: 19    XL:     3   Next: 88%
Magic:  5/5        EV: 12    Int: 12    God:
Gold:   71         SH:  0    Dex: 13    Spells: 2/2 levels left

rFire   . .          .
                       - Unarmed
rCold   . . .        (no shield)
rNeg    + . .        a - +0 animal skin
rPois   +            (helmet currently unavailable)
rElec   .            (cloak currently unavailable)
rCorr   +            (gloves currently unavailable)
SInv    .            (boots currently unavailable)
Will    .....        (no amulet)
Stlth   ++           b - ring of positive energy
HPRegen 0.24/turn    g - ring of resist corrosion
MPRegen 0.09/turn

%: no passive effects
@: lethally poisoned (0 -> -6), beast-form
A: beast (slay +1), high MP 1, forlorn, divine attributes, poison resistance,
screaming 1
a: Begin Untransformation


You were on level 3 of the Dungeon.
You were a hulking beast.
You visited 1 branch of the dungeon, and saw 3 of its levels.

You collected 71 gold pieces.

Inventory:

Hand Weapons
 m - a +2 whip of electrocution
Missiles
 l - 13 poisoned darts (quivered)
 o - a throwing net
Armour
 a - a +0 animal skin (worn)
Jewellery
 b - a ring of positive energy (left hand)
 g - a ring of resist corrosion (right hand)
Talismans
 c - a beast talisman
 d - a flux talisman
Scrolls
 e - 2 scrolls of immolation
 f - a scroll of enchant armour
 h - a scroll of enchant weapon {unknown}
 i - a scroll of silence {unknown}
 j - 4 scrolls of teleportation
 k - a scroll of fear {unknown}
 p - a scroll of fog {unknown}
Potions
 n - 2 potions of mutation


   Skills:
 + Level 1.0 Fighting
 - Level 2.0 Dodging
 - Level 0.8 Stealth
 + Level 3.8 Unarmed Combat
 + Level 3.1 Shapeshifting


You had 2 spell levels left.
You didn't know any spells.
Your spell library contained the following spells:

 Spells                   Type           Power      Damage    Failure   Level
 Shock                    Conj/Air       0%         1d3       32%         1
 Swiftness                Air            0%         N/A       69%         3
 Airstrike                Air            0%         2d(0-16)  97%         4
 Chain Lightning          Conj/Air       0%         N/A       100%        9
 Fire Storm               Conj/Fire      0%         5d1       100%        9
 Shatter                  Erth           0%         3d5*      100%        9


Dungeon Overview and Level Annotations

Branches:
Dungeon (3/15)

Annotations:
D:2 Sigmund
D:3 Natasha, Terence


Innate Abilities, Weirdness & Mutations

You are a hulking beast.
Your limbs bulge with bestial killing power. (Slay +1)
You have an increased reservoir of magic. (+10% MP)
You shall have no god before yourself.
Your divine heritage dramatically boosts your attributes as you level up.
Your system is resistant to poisons. (rPois)
You occasionally shout uncontrollably at your foes.


Message History

You feel strangely unstable. The jackal bites you.
You hit the jackal.
You kill the jackal!
The orc throws a boomerang.
The boomerang hits you.
* * * LOW HITPOINT WARNING * * *
Unknown command.
Unknown command.
Unknown command.
Your surroundings suddenly seem different.
An adder and a hobgoblin come into view.
Found a spear, a sedimented dark potion and a knobbly smoking staff.
Unknown command.
Okay, then.
You miss the adder.
The hobgoblin shouts!
You hear a shout!
You hear an angry hiss.
The adder closely misses you.
Unknown command.
You hit the adder.
The adder is moderately wounded.
The adder barely misses you. The hobgoblin closely misses you.
Unknown command.
You hit the adder.
The adder is heavily wounded.
The adder barely misses you.
The hobgoblin hits you but does no damage.
A goblin comes into view. It is wielding a +0 club.
You yell at the goblin!
You hear a shout!
You hear an angry hiss. x2
You barely miss the adder.
The adder is heavily wounded.
The adder bites you but does no damage. The adder bites you.
* * * LOW HITPOINT WARNING * * *
You are lethally poisoned!
The adder poisons you!
Unknown command.
Unknown command.
Okay, then.
You hit the adder.
The adder is almost dead.
You die...

#.#.#####.#
.... #.#.# #<#
.. #..# ....
#.#.# #.#
.##..## ....
#.#.# #.#
.|....# ....
#.#.###.# #
.....## ....
#.#.....#
#.###.....#
.... #.#######
#....)....#.#
.... #..
#....g......#
#....Sh..#
#....#........
#..! ###......
#.. g..... #.
..... # .....
.... ....


You could see an adder, a hobgoblin and a goblin.

Vanquished Creatures
  A gnoll (D:1)
  2 adders (D:2)
  6 endoplasms
  2 giant cockroaches (D:1)
  2 hobgoblins
  8 jackals
  2 quokkas
  4 ball pythons
  4 bats (D:1)
  4 frilled lizards
  4 goblins
  3 kobolds
  2 rats
44 creatures vanquished.

Notes
Turn   | Place    | Note
-------+----------+-------------------------------------------
     0 | D:1      | olmar the Demigod Shapeshifter began the quest for the Orb.
     0 | D:1      | Reached XP level 1. HP: 15/15 MP: 3/3
   377 | D:1      | Reached XP level 2. HP: 19/22 MP: 4/4
  1106 | D:2      | Reached XP level 3. HP: 26/27 MP: 5/5
  1521 | D:2      | Gained mutation: Your system is resistant to poisons.
                  | (rPois) [potion of mutation]
  1521 | D:2      | Gained mutation: You occasionally shout uncontrollably at
                  | your foes. [potion of mutation]
  1553 | D:2      | Reached skill level 1 in Fighting
  1566 | D:2      | Noticed Sigmund
  1719 | D:3      | Noticed Terence
  1724 | D:3      | Noticed Natasha
  1736 | D:3      | Succumbed to an adder's poison

Illustrated notes

Levels and vault maps discovered:
D:1:      evilmike_arrival_hilbert_curve, layout_basic
D:2:      layout_basic, serial_shops, nicolae_diamond_shop,
          nicolae_ecumenical_oubliette, basic_altar, minmay_misc_feat_columns,
          uniq_sigmund
D:3:      layout_basic, minmay_tree_intersection, uniq_natasha, uniq_terence,
          uniq_crazy_yiuf_cottage

Skill      XL: |  1  2  3 |
---------------+----------+-----
Unarmed Combat | 3 |  3.8
Shapeshifting  | 3 |  3.1
Dodging        | 2 |  2.0
Fighting       | 1 |  1.0
Stealth        | |  0.8

Action                     || total
---------------------------++-------
  Melee: Unarmed           ||   134
         Punch             ||     6
  Throw: Stone             ||    12
         Dart              ||     1
    Use: Potion            ||     2
         Scroll            ||     5
   Stab: Sleeping          ||     4
 Armour: Animal skin       ||    59
         Skin              ||     1
  Dodge: Dodged            ||    73
